 Dungeon Crawl Stone Soup version 0.25-a0-35-g747a2b3c0c (webtiles) character file.

Game seed: 17640329748211506703, levelgen mode: deterministic

162 Conn the Sneak (level 5, -4/33 HPs)
             Began as an Octopode Fire Elementalist on Oct 19, 2019.
             Killed from afar by Ijyb (8 damage)
             ... with a burst of metal fragments
             ... on level 3 of the Dungeon.
             The game lasted 00:05:08 (2733 turns).

Conn the Sneak (Octopode Fire Elementalist)         Turns: 2733, Time: 00:05:09

Health: -4/33      AC:  1    Str:  8    XL:     5   Next: 43%
Magic:  8/8        EV: 13    Int: 18    God:
Gold:   132        SH:  0    Dex: 12    Spells: 5/9 levels left

rFire    . . .     SeeInvis .   i - +0 short sword
rCold    . . .     Gourm    .   (no shield)
rNeg     . . .     Faith    .   (helmet restricted)
rPois    .         Spirit   .   (no amulet)
rElec    .         Reflect  .   (no ring)
rCorr    .         Harm     .   (no ring)
MR       .....                  (no ring)
Stlth    +++.......             (no ring)
HPRegen  0.11/turn              (no ring)
MPRegen  0.11/turn              (no ring)
                                (no ring)
                                (no ring)

@: no status effects
A: almost no armour, stealthy swim, amphibious, 8 rings, constrict 8, camouflage
1, gelatinous body 1
a: no special abilities


You were on level 3 of the Dungeon.
You were not hungry.

You visited 1 branch of the dungeon, and saw 3 of its levels.

You collected 132 gold pieces.

Inventory:

Hand Weapons
 i - a +0 short sword (weapon)
Wands
 p - a wand of polymorph (9)
Scrolls
 c - a scroll of random uselessness {unknown}
 e - 2 scrolls of fog {unknown}
 g - a scroll of magic mapping {unknown}
 h - 3 scrolls of identify {unknown}
 k - a scroll of teleportation {unknown}
 m - a scroll of immolation {unknown}
 n - 2 scrolls of enchant weapon {unknown}
Potions
 a - a potion of agility {unknown}
 f - 2 potions of curing {unknown}
 j - a potion of resistance {unknown}
 l - a potion of invisibility {unknown}
 o - 2 potions of might {unknown}
 q - a potion of mutation {unknown}
Comestibles
 b - 3 rations
 d - 3 chunks of flesh


   Skills:
 + Level 1.1 Fighting
 + Level 2.0 Short Blades
 + Level 2.4 Dodging
 + Level 4.0 Stealth
 + Level 2.5 Spellcasting
 + Level 1.5 Conjurations
 + Level 3.9 Fire Magic


You had 5 spell levels left.
You knew the following spells:

 Your Spells              Type           Power        Failure   Level  Hunger
a - Flame Tongue          Conj/Fire      ##...        5%          1    #......
b - Conjure Flame         Conj/Fire      ##......     17%         3    ###....

Your spell library contained the following spells:

 Spells                   Type           Power        Failure   Level  Hunger
 Throw Flame              Conj/Fire      ##....       9%          2    ##.....
 Inner Flame              Hex/Fire       #.......     22%         3    ###....
 Sticky Flame             Conj/Fire      ##......     50%         4    #####..
 Fireball                 Conj/Fire      ##........   83%         5    ######.


Dungeon Overview and Level Annotations

Branches:
Dungeon (3/15)

Altars:

Annotations:
D:3 Ijyb


Innate Abilities, Weirdness & Mutations

You cannot wear most types of armour.
You are very stealthy in the water. (Stealth+)
You are amphibious.
You can wear up to eight rings at the same time.
You can use your tentacles to constrict eight enemies at once.
Your skin changes colour to match your surroundings (Stealth+).
Your rubbery body absorbs attacks. (AC +1, EV +1)


Message History

You constrict Ijyb.
Ijyb drinks a potion.
Ijyb seems to speed up.
You hit Ijyb but do no damage.
Ijyb is almost dead.
You constrict Ijyb, but do no damage. Ijyb barely misses you.
Ijyb hits you with a +0 club.
You barely miss Ijyb.
Ijyb is almost dead.
You constrict Ijyb, but do no damage. Ijyb barely misses you.
You hit Ijyb but do no damage. You squeeze Ijyb, but do no damage.
Ijyb is almost dead.
You constrict Ijyb, but do no damage. Ijyb screams, "I no like you!"
Ijyb zaps a wand.
The burst of metal fragments hits you!
The burst of metal fragments misses you. x7
Ijyb zaps a wand.
The burst of metal fragments misses you.
The burst of metal fragments hits you! x2
* * * LOW HITPOINT WARNING * * *
The burst of metal fragments hits you!
You die...

##.##..# #.#
##.##..# #.#
.......# #.# #####
##.###.###.#####...#
# #...>.......#.####
#.....#####.[....#
#.####.#..#
#.%###.##
#.........#
##.......#
######.#.##
#.@......# #.#.#
#g.≈≈≈...# #.#.#
#..≈≈≈..##
#######.#.##
#..≈≈≈..#
<......#...#
#..≈≈≈....
.######>#..#
#...8...##
........#..#
##.....##
##.######..# ##...##
#..........#


You could see Ijyb.

Vanquished Creatures
  A crimson imp (D:2)
  An orc wizard (D:2)
  2 adders (D:2)
  2 oozes
  2 dart slugs
  4 leopard geckos
  6 orcs
  7 bats
  2 giant cockroaches
  8 goblins
  5 hobgoblins
  9 kobolds
  2 ball pythons
  3 frilled lizards (D:1)
  7 rats
61 creatures vanquished.

Vanquished Creatures (others)
  A plant (D:2)
1 creature vanquished.

Grand Total: 62 creatures vanquished

Notes
Turn   | Place    | Note
-------+----------+-------------------------------------------
     0 | D:1      | Conn the Octopode Fire Elementalist began the quest for the
                  | Orb.
     0 | D:1      | Reached XP level 1. HP: 11/11 MP: 3/3
   253 | D:1      | Reached XP level 2. HP: 18/18 MP: 0/5
   803 | D:1      | Reached XP level 3. HP: 22/22 MP: 6/6
   808 | D:1      | Learned a level 3 spell: Conjure Flame
  1378 | D:2      | Reached skill level 3 in Stealth
  1603 | D:2      | Reached skill level 1 in Short Blades
  1836 | D:2      | Reached XP level 4. HP: 20/27 MP: 7/7
  2008 | D:2      | Reached skill level 1 in Fighting
  2008 | D:2      | Reached XP level 5. HP: 28/33 MP: 8/8
  2684 | D:3      | Reached skill level 4 in Stealth
  2722 | D:3      | Noticed Ijyb
  2733 | D:3      | Killed from afar by Ijyb

Levels and vault maps discovered:
D:1:      lightli_arrival_isolated_outpost, layout_loops_ring
D:2:      layout_loops_ring, serial_forest, infiniplex_forest_end_3,
          infiniplex_forest_straight_2, infiniplex_forest_straight_4,
          infiniplex_forest_clump_tiny, infiniplex_forest_clump_small,
          minivault_5
D:3:      layout_loops_ring, serial_park_tiny_pond, minivault_24,
          hangedman_glass_garden, uniq_ijyb

Skill      XL: |  1  2  3  4  5 |
---------------+----------------+-----
Stealth        | 3 4 |  4.0
Short Blades   | 1 2 |  2.0
Fighting       | 1 |  1.1
Dodging        | |  2.4
Spellcasting   | |  2.5
Conjurations   | |  1.5
Fire Magic     | |  3.9

Action                   |  1- 3 |  4- 6 || total
-------------------------+-------+-------++-------
Melee: Unarmed           |    10 |       ||    10
       Constrict         |    17 |    10 ||    27
       Short sword       |    43 |    51 ||    94
       Tentacles         |     7 |     8 ||    15
 Cast: Flame Tongue      |    37 |     9 ||    46
 Stab: Sleeping          |     6 |     6 ||    12
  Eat: Chunk             |     3 |     3 ||     6
Armor: Skin              |     5 |     2 ||     7
Dodge: Dodged            |    32 |    46 ||    78

Table legend:
 A = Non-vault XP
 B = Vault XP
 C = Vault XP percentage of total XP
 D = Non-vault monster count
 E = Vault monster count
 F = Vault count percentage of total count
                 A         B        C        D         E       F
            +---------+---------+-------+---------+---------+-------
      Total |     232 |       0 |   0.0 |      61 |       0 |   0.0
            +---------+---------+-------+---------+---------+-------
        D:1 |      47 |       0 |   0.0 |      27 |       0 |   0.0
        D:2 |     166 |       0 |   0.0 |      28 |       0 |   0.0
        D:3 |      19 |       0 |   0.0 |       6 |       0 |   0.0
            +---------+---------+-------+---------+---------+-------
